 Dungeon Crawl Stone Soup version 0.31-a0-441-g867994ef1c (webtiles) character file.

Game seed: 9021439544735628660

216476 juan097 the Spry (level 19, -6/145 HPs)
             Began as a Djinni Air Elementalist on Aug 2, 2023.
             Was the Champion of Nemelex Xobeh.
             Mangled by a radroach (18 damage)
             ... on level 4 of the Spider Nest.
             The game lasted 02:56:02 (47843 turns).

juan097 the Spry (Djinni Air Elementalist)         Turns: 47843, Time: 02:56:03

Health: -6/145     AC: 25    Str:  7    XL:     19   Next: 79%
Gold:   1990       EV: 26    Int: 24    God:    Nemelex Xobeh [******] SH:  0 Dex: 18

rFire   + + .        b - +6 shillelagh "Devastator" {shatter}
rCold   . . .        (no shield)
rNeg    . . .        m - +6 acid dragon scales
rPois   ∞            G - +2 helmet {Int+3}
rElec   .            N - +2 cloak {rPois}
rCorr   +            Q - +2 pair of gloves {hurl}
SInv    .            (boots unavailable)
Will    +....        I - amulet of faith
Stlth   +++          u - +5 ring of evasion
HPRegen 0.44/turn    j - ring of protection from cold {=R}
MPRegen 0.00/turn

%: faith, infuse magic (-7 HP)
@: flying
A: sickness immunity, fire resistance 2, cold vulnerability 1, float, innate
caster, HP casting, extra vitality 1
}: 1/15 runes: decaying
a: Renounce Religion, Draw Escape, Draw Destruction, Draw Summoning, Draw Stack,
Triple Draw, Deal Four, Stack Five


You were on level 4 of the Spider Nest.
You worshipped Nemelex Xobeh.
Nemelex Xobeh was exalted by your worship.
You visited 6 branches of the dungeon, and saw 31 of its levels.
You also visited: Gauntlet and Ice Cave.

You collected 2846 gold pieces.
You spent 856 gold pieces at shops.

Inventory:

Hand Weapons
 b - the +6 shillelagh "Devastator" (weapon) {shatter}
   (You found it on level 4 of the Dungeon)
 w - a +3 rapier of venom
Missiles
 B - 6 curare-tipped darts
 F - 2 throwing nets
Armour
 m - +6 acid dragon scales (worn)
 G - a +2 helmet of intelligence (worn)
 N - a +2 cloak of poison resistance (worn)
 Q - a +2 pair of gloves of hurling (worn)
Magical Staves
 a - the staff "Fothakhle" {rF+ Int+6 Dex+3 Fire}
   (You found it in a Gauntlet)

   [staff of fire]

   Base accuracy: +5 Base damage: 5 Base attack delay: 1.2 This weapon's minimum
   attack delay (0.6) is reached at skill level 12.
   Int:       It affects your intelligence (+6).
   Dex:       It affects your dexterity (+3).
   rF:        It protects you from fire.
   Fire:      It increases the power of your Fire spells.
   It falls into the 'Staves' category.
   It is a one-handed weapon.
 O - the staff of Due Proportion {rF++ rC+ Will+++ Int-2 Dex-3 Ice}
   (You acquired it on level 2 of the Orcish Mines)

   [staff of cold]

   Base accuracy: +5 Base damage: 5 Base attack delay: 1.2 This weapon's minimum
   attack delay (0.6) is reached at skill level 12.
   Int:       It affects your intelligence (-2).
   Dex:       It affects your dexterity (-3).
   rF:        It greatly protects you from fire.
   rC:        It protects you from cold.
   Ice:       It increases the power of your Ice spells.
   Will:      It greatly increases your willpower.
   It falls into the 'Staves' category.
   It is a one-handed weapon.
Jewellery
 j - a ring of protection from cold (right hand) {=R}
 k - the ring "Ulotol" {rPois Int+3 Slay+3 SInv}
   (You acquired it on level 1 of the Swamp)

   [ring of see invisible]

   Int:       It affects your intelligence (+3).
   Slay:      It affects your accuracy & damage with ranged weapons and melee
   (+3).
   rPois:     It protects you from poison.
   SInv:      It lets you see invisible.
 n - a ring of positive energy
 u - a +5 ring of evasion (left hand)
 I - an amulet of faith (around neck)
 L - a ring of protection from cold
Wands
 y - a wand of iceblast (18)
 K - a wand of charming (30)
 S - a wand of acid (6)
 U - a wand of flame (8)
 X - a wand of mindburst (23)
Scrolls
 d - 4 scrolls of enchant weapon
 h - 5 scrolls of immolation
 o - 3 scrolls of enchant armour
 t - 7 scrolls of fog
 v - a scroll of fear
 x - 3 scrolls of vulnerability
 C - 7 scrolls of identify
 D - 3 scrolls of revelation
 M - 13 scrolls of teleportation
 P - 2 scrolls of poison
 T - 3 scrolls of blinking
Potions
 c - 4 potions of heal wounds
 e - 3 potions of cancellation
 f - 6 potions of lignification
 g - 4 potions of mutation
 i - 3 potions of berserk rage
 q - 10 potions of curing
 r - 4 potions of brilliance
 s - a potion of resistance
 z - 2 potions of invisibility
 A - 3 potions of ambrosia
 H - 3 potions of might
 J - 6 potions of haste
 Y - 4 potions of enlightenment
Miscellaneous
 l - a condenser vane
 R - a phial of floods
 V - a lightning rod (4/4)
 W - a box of beasts


   Skills:
 + Level 16.0 Fighting
 + Level 6.2 Short Blades
 - Level 6.0 Maces & Flails
 - Level 12.0 Armour
 - Level 17.0 Dodging
 + Level 6.2 Stealth
 + Level 14.0 Spellcasting
 + Level 14.0 Conjurations
 + Level 14.0 Hexes
   Level 0.0 Charms
 + Level 14.0 Summonings
 + Level 14.0 Necromancy
 + Level 14.0 Translocations
 + Level 14.0 Transmutations
 + Level 14.0 Fire Magic
 + Level 14.0 Ice Magic
 + Level 14.0 Air Magic
 + Level 14.0 Earth Magic
 + Level 14.0 Poison Magic
 + Level 14.1 Invocations
 + Level 8.2 Evocations


You knew the following spells:

 Your Spells              Type           Power      Damage    Failure   Level
a - Shock                 Conj/Air       100%       1d9       1%          1
b - Static Discharge      Conj/Air       100%       2-7/arc   1%          2
c - Swiftness             Air            71%        N/A       1%          3
d - Airstrike             Air            35%        2d(6-22)  1%          4
e - Apportation           Tloc           100%       N/A       1%          1
f - Call Imp              Summ           100%       N/A       1%          2
g - Teleport Other        Tloc           71%        N/A       1%          3
h - Call Canine Familiar  Summ           71%        N/A       1%          3
i - Silence               Hex/Air        35%        N/A       1%          5
j - Metabolic Englaciati  Hex/Ice        35%        N/A       1%          5
k - Simulacrum            Ice/Necr       35%        N/A       2%          6
l - Dispersal             Tloc           35%        N/A       2%          6
m - Enfeeble              Hex            35%        N/A       14%         7
Your spell library was empty.

Dungeon Overview and Level Annotations

Branches:
Dungeon (15/15)            Temple (1/1) D:7            Lair (5/5) D:9
  Swamp (4/4) Lair:3       Spider (4/4) Lair:2        Slime (0/5) Lair:5
    Orc (2/2) D:10            Elf (0/3) Orc:2        Vaults (0/5) D:14
 Depths (0/4) D:15          IceCv (visited)         Gauntlet (visited)

Altars:
Ashenzari
Cheibriados
Dithmenos
Elyvilon
Fedhas
Gozag
Hepliaklqana
Makhleb
Nemelex Xobeh
Okawaru
Qazlal
Ru
Trog
Uskayaw
Wu Jian
Xom
Yredelemnul
Zin
The Shining One
Jiyva

Shops:
D:1 [   D:7 [   D:9 (*   Orc:2 :(*[

Annotations:
Lair:1 1 runed translucent door, Ehotes's ghost, journeyman OpSh
Lair:2 2 transporters, Gelion's ghost, journeyman OpSh
Swamp:2 Mlioglotl


Innate Abilities, Weirdness & Mutations

You are immune to sickness and miasma.
You are immune to poison.
Your flesh is very heat resistant. (rF++)
You are vulnerable to cold. (rC-)
You float through the air rather than walking.
You learn spells naturally, not from books.
Your magical power is your life essence.
You have superior vitality. (+4 MHP)


Message History

A freezing mist starts to gather...
A culicivora simulacrum comes into view.
The culicivora misses you. The wolf spider hits you! The wolf spider bites you!
The wolf spider simulacrum struggles to get unstuck from the web.
The radroach completely misses you. x2
You hit the radroach but do no damage.
The radroach is lightly wounded.
The culicivora completely misses you.
The wolf spider hits you but does no damage.
The wolf spider misses you.
The wolf spider simulacrum pulls away from the web.
The radroach closely misses you.
The radroach claws you but does no damage.
The culicivora completely misses you. The wolf spider closely misses you.
The wolf spider bites you.
* * * LOW HITPOINT WARNING * * *
You hit the radroach but do no damage.
The radroach is lightly wounded.
The culicivora misses you. The wolf spider hits you!
* * * LOW HITPOINT WARNING * * *
The wolf spider completely misses you. The radroach barely misses you.
The radroach closely misses you.
The wolf spider simulacrum completely misses you.
The wolf spider simulacrum misses you.
As you read the scroll of fear, it crumbles to dust.
You assume a fearsome visage.
The radroach resists with almost no effort.
The culicivora looks frightened!
The wolf spider simulacrum is unaffected.
The culicivora simulacrum is unaffected.
The wolf spider looks frightened!
The culicivora simulacrum completely misses you.
The wolf spider simulacrum completely misses you.
The wolf spider simulacrum bites you.
* * * LOW HITPOINT WARNING * * *
The wolf spider simulacrum freezes you!!
* * * LOW HITPOINT WARNING * * *
The radroach bites you!!
You die...
Your body glows with a rainbow of weird colours and disappears.

#### .^.# ##
##...#...
##..s.....
##.Z....<..
#^.@B#
......†Z#.....#
.....s^## .....
.....$. #...
.$...## .#
#...# . ....
.^#


You could see a radroach (soul bound), a wolf spider (soul bound, fleeing), a
culicivora (soul bound, fleeing), a wolf spider simulacrum and a culicivora
simulacrum.

Vanquished Creatures
  Jorgrun (Swamp:1)
  Roxanne (Swamp:2)
  Frances (Swamp:2)
  Kirke (Swamp:1)
  2 emperor scorpions
  A ghost moth (Spider:3)
  2 orc warlords (Orc:2)
  A quicksilver ooze (IceCv)
  3 eleionomae
  A stone giant (D:15)
  A minotaur (Gauntlet)
  A dire elephant (Lair:3)
  2 spark wasps (Spider:2)
  A bunyip (Swamp:4)
  2 shambling mangroves (Swamp:3)
  An entropy weaver (Spider:3)
  A great orb of eyes (Swamp:3)
  10 hydras
  A catoblepas (Lair:1)
  A ghost crab (Swamp:2)
  Erica (D:8)
  7 alligators
  12 two-headed ogres
  A death knight (D:13)
  4 tengu warriors
  A demonic crawler (Spider:2)
  16 death yaks
  5 orc high priests (Orc:2)
  2 skysharks
  5 pharaoh ants
  2 spriggan druids
  3 skeletal warriors
  Amaemon (Lair:3)
  2 spriggan simulacra (Swamp:2)
  A swamp dragon (Swamp:4)
  A deep elf archer (D:14)
  3 goliath frogs
  4 orc knights
  4 bog bodies
  3 deep elf pyromancers
  A lindwurm (Swamp:4)
  A deep elf zephyrmancer (D:14)
  A steelbarb worm (Spider:2)
  3 cyclopes
  10 ugly things
  8 wolf spiders
  4 orc sorcerers
  5 manticores
  Joseph (D:7)
  5 black mambas
  3 will-o-the-wisps
  23 elephants
  2 torpor snails
  An eye of devastation (Swamp:3)
  4 centaur skeletons (D:14)
  11 cane toads
  An orange demon (Lair:3)
  A minotaur zombie (Gauntlet)
  8 yaktaurs (D:14)
  Maggie (Lair:1)
  Psyche (D:9)
  An efreet (D:15)
  2 kobold demonologists
  2 freezing wraiths
  9 komodo dragons
  A rime drake (Lair:5)
  A tengu conjurer (D:15)
  7 trolls
  2 bloated husks
  A wind drake (shapeshifter) (D:14)
  3 polar bears
  Prince Ribbit (D:5)
  A meliai (Spider:2)
  7 tyrant leeches
  A wind drake (Lair:3)
  10 hornets
  7 tarantellas
  2 dream sheep (Lair:5)
  4 blink frogs (Lair:2)
  4 shadows
  5 jumping spiders
  2 large abominations (Gauntlet)
  3 slime creatures
  7 culicivoras
  8 spriggans
  4 wyverns
  41 yaks
  3 vampires
  4 basilisks (Lair:1)
  7 wraiths
  A human (Swamp:1)
  2 minotaur simulacra (Swamp:2)
  21 redbacks
  7 wargs
  3 steam dragons
  18 vampire mosquitoes
  13 swamp worms
  2 acid dragons
  9 water moccasins
  40 orc warriors
  4 swamp drakes
  An ice beast (D:6)
  6 black bears
  2 great orb of eyes simulacra (IceCv)
  26 wolves
  16 ogres
  3 boggarts
  5 centaurs
  A phantom (D:8)
  2 kobold brigands
  2 slime creature simulacra (IceCv)
  Blork the orc (D:6)
  20 bullfrogs
  2 glowing shapeshifter simulacra (IceCv)
  A gnoll sergeant (D:6)
  2 scorpions
  14 wights
  A troll zombie (D:10)
  7 killer bees
  5 howler monkeys
  6 electric eels
  3 small abominations (Gauntlet)
  9 hounds
  13 jellies
  32 orc priests
  Crazy Yiuf (D:4)
  5 gnoll boudas
  5 iguanas
  9 orc wizards
  3 ogre zombies (D:10)
  23 gnolls
  5 adders
  5 white imps
  An ufetubus (D:6)
  2 worms
  64 orcs
  6 bats
  18 endoplasms
  4 hobgoblins
  5 jackals (D:4)
  8 quokkas
  2 ball pythons
  A frilled lizard (D:3)
  6 goblins
  5 hobgoblin zombies (D:10)
  12 kobolds
  4 orc skeletons (D:10)
  8 orc zombies (D:10)
  4 rats
864 creatures vanquished.

Vanquished Creatures (collateral kills)
  A tentacled monstrosity (Swamp:4)
  2 azure jellies (IceCv)
  A rockslime (IceCv)
  Louise (Swamp:2)
  An emperor scorpion (Spider:2)
  4 quicksilver oozes (IceCv)
  A broodmother (Spider:2)
  An eleionoma (Swamp:4)
  2 spark wasps
  Josephine (Orc:1)
  A shambling mangrove (Swamp:4)
  A centaur warrior (D:13)
  A jorogumo (Spider:3)
  9 hydras
  An ogre mage (D:12)
  5 two-headed ogres
  A boulder beetle (Spider:2)
  4 demonic crawlers
  An orc high priest (Orc:2)
  2 alligators (Swamp:3)
  A skyshark (Swamp:4)
  7 pharaoh ants
  A spriggan rider (Lair:5)
  6 swamp dragons
  2 spriggan druids (Swamp:4)
  2 orb spiders
  2 bog bodies
  A lindwurm (Swamp:4)
  2 orc knights (Orc:2)
  An orange crystal statue (IceCv)
  2 steelbarb worms (Spider:3)
  An orc sorcerer (Orc:2)
  18 ugly things
  2 cyclopes (D:12)
  2 wolf spiders
  Maurice (D:9)
  3 elephants (Lair:3)
  A torpor snail (Spider:3)
  A gargoyle (D:13)
  An unseen horror (D:12)
  2 komodo dragons
  A yaktaur (D:14)
  2 meliai (Spider:2)
  8 hornets
  9 tarantellas
  A wind drake (Lair:3)
  6 tyrant leeches
  A large abomination (Gauntlet)
  2 slime creatures (IceCv)
  10 jumping spiders
  7 culicivoras
  3 shadows
  12 spriggans
  2 dire elephant simulacra (Swamp:2)
  3 yaks
  3 vampire mosquitoes
  2 wargs
  29 redbacks
  7 swamp worms
  2 water moccasins (Lair:5)
  7 swamp drakes (Swamp:4)
  5 orc warriors (Orc:2)
  3 black bears (Lair:5)
  2 great orb of eyes simulacra (IceCv)
  2 ogres (Orc:2)
  A boggart (Lair:5)
  8 wolves (Lair:5)
  4 slime creature simulacra (IceCv)
  5 centaurs (D:13)
  2 gnoll sergeants
  4 glowing shapeshifter simulacra (IceCv)
  A deep troll simulacrum (Swamp:2)
  A lindwurm simulacrum (Swamp:2)
  2 howler monkeys (D:12)
  An orc priest (D:10)
  An orc wizard (Orc:2)
  2 ogre zombies (D:10)
  5 gnolls
  10 orcs
  An orc skeleton (D:10)
  An orc zombie (D:10)
278 creatures vanquished.

Vanquished Creatures (others)
  A bloated husk (Swamp:3)
  A human (Swamp:1)
  A boggart (D:14)
  6 foxfires
9 creatures vanquished.

Grand Total: 1151 creatures vanquished

Notes
Turn   | Place    | Note
-------+----------+-------------------------------------------
     0 | D:1      | juan097 the Djinni Air Elementalist began the quest for the
                  | Orb.
     0 | D:1      | juan097 set off with the following spells memorised: Shock,
                  | Static Discharge, Swiftness, Airstrike.
     0 | D:1      | Reached XP level 1. HP: 15/15 MP: 0/0
   468 | D:1      | Found a faded altar of an unknown god.
   544 | D:1      | Found Lutaery's Antique Armour Emporium.
   890 | D:2      | Noticed a jelly
   892 | D:2      | Reached XP level 2. HP: 21/22 MP: 0/0
   947 | D:2      | Reached skill level 1 in Fighting
   947 | D:2      | Reached XP level 3. HP: 24/27 MP: 0/0
   947 | D:2      | Learned a level 1 spell: Apportation
  1434 | D:2      | Reached XP level 4. HP: 24/32 MP: 0/0
  2440 | D:4      | Noticed an orc warrior
  2456 | D:4      | Killed an orc warrior
  2457 | D:4      | Reached skill level 1 in Short Blades
  2457 | D:4      | Reached XP level 5. HP: 32/38 MP: 0/0
  2457 | D:4      | Learned a level 2 spell: Call Imp
  2457 | D:4      | Reached XP level 6. HP: 36/43 MP: 0/0
  2589 | D:4      | Found a runed translucent door.
  2589 | D:4      | Found the +6 shillelagh "Devastator" {shatter}
  2590 | D:4      | Noticed Crazy Yiuf
  3270 | D:5      | Entered Level 5 of the Dungeon
  3352 | D:5      | Noticed a yak
  3353 | D:5      | Noticed a yak
  3361 | D:5      | Reached XP level 7. HP: 48/49 MP: 0/0
  3361 | D:5      | Learned a level 3 spell: Teleport Other
  3501 | D:5      | Noticed Prince Ribbit
  3518 | D:5      | Killed Prince Ribbit
  3519 | D:5      | Reached skill level 5 in Spellcasting
  3519 | D:5      | Reached skill level 5 in Conjurations
  3519 | D:5      | Reached skill level 5 in Hexes
  3519 | D:5      | Reached skill level 5 in Summonings
  3519 | D:5      | Reached skill level 5 in Necromancy
  3519 | D:5      | Reached skill level 5 in Translocations
  3519 | D:5      | Reached skill level 5 in Transmutations
  3519 | D:5      | Reached skill level 5 in Fire Magic
  3519 | D:5      | Reached skill level 5 in Ice Magic
  3519 | D:5      | Reached skill level 5 in Air Magic
  3519 | D:5      | Reached skill level 5 in Earth Magic
  3519 | D:5      | Reached skill level 5 in Poison Magic
  3519 | D:5      | Reached XP level 8. HP: 2/58 MP: 0/0
  4055 | D:5      | Noticed a yak
  4067 | D:5      | Killed a yak
  4202 | D:5      | Killed a yak
  4295 | D:5      | Killed a yak
  4296 | D:5      | Reached skill level 5 in Fighting
  4556 | D:6      | Reached XP level 9. HP: 47/65 MP: 0/0
  4556 | D:6      | Learned a level 3 spell: Call Canine Familiar
  4885 | D:6      | Noticed Blork the orc
  4898 | D:6      | Killed Blork the orc
  5117 | D:6      | Found a blossoming altar of Fedhas.
  5724 | D:1      | Bought a glowing helmet for 187 gold pieces
  5890 | D:4      | Killed Crazy Yiuf
  6203 | D:7      | Found Ukhiklaikk's Armour Shop.
  6349 | D:7      | Reached skill level 1 in Armour
  6552 | D:7      | Reached skill level 3 in Dodging
  6552 | D:7      | Reached XP level 10. HP: 63/73 MP: 0/0
  6760 | D:7      | Found a staircase to the Ecumenical Temple.
  6766 | Temple   | Entered the Ecumenical Temple
  6777 | Temple   | Became a worshipper of Nemelex Xobeh the Trickster
  6844 | D:7      | Noticed Joseph
  6852 | D:7      | Reached skill level 1 in Maces & Flails
  6854 | D:7      | Killed Joseph
  7242 | D:8      | Found a shadowy altar of Dithmenos.
  7248 | D:8      | Reached skill level 4 in Dodging
  7552 | D:1      | Bought a glowing cloak for 187 gold pieces
  7820 | D:8      | Noticed Erica
  8061 | D:8      | Killed Erica
  8383 | D:8      | Noticed a two-headed ogre
  8384 | D:8      | Noticed a boulder beetle
  8404 | D:8      | Noticed a two-headed ogre
  8409 | D:8      | Killed a two-headed ogre
  8410 | D:8      | Reached skill level 5 in Dodging
  8410 | D:8      | Reached XP level 11. HP: 64/79 MP: 0/0
  8410 | D:8      | Learned a level 5 spell: Silence
  8833 | D:9      | Reached * piety under Nemelex Xobeh
  9073 | D:9      | Noticed Psyche
  9076 | D:9      | Killed Psyche
  9134 | D:9      | Found a hide-covered altar of Uskayaw.
  9141 | D:9      | Noticed Maurice
  9155 | D:9      | Killed Maurice
  9576 | D:9      | Found Kiakun's Weapon Emporium.
  9826 | D:9      | Found Tish's General Store.
  9835 | D:9      | Bought a scroll of blinking for 97 gold pieces
  9932 | D:9      | Found a staircase to the Lair.
 10228 | Lair:1   | Entered Level 1 of the Lair of Beasts
 10341 | Lair:1   | Reached skill level 10 in Fighting
 10379 | Lair:1   | Reached skill level 10 in Spellcasting
 10379 | Lair:1   | Reached skill level 10 in Conjurations
 10379 | Lair:1   | Reached skill level 10 in Hexes
 10379 | Lair:1   | Reached skill level 10 in Summonings
 10379 | Lair:1   | Reached skill level 10 in Necromancy
 10379 | Lair:1   | Reached skill level 10 in Translocations
 10379 | Lair:1   | Reached skill level 10 in Transmutations
 10379 | Lair:1   | Reached skill level 10 in Fire Magic
 10379 | Lair:1   | Reached skill level 10 in Ice Magic
 10379 | Lair:1   | Reached skill level 10 in Air Magic
 10379 | Lair:1   | Reached skill level 10 in Earth Magic
 10379 | Lair:1   | Reached skill level 10 in Poison Magic
 10379 | Lair:1   | Reached XP level 12. HP: 47/91 MP: 0/0
 10405 | Lair:1   | Received a gift from Nemelex Xobeh
 10450 | Lair:1   | Reached skill level 1 in Invocations
 10457 | Lair:1   | Found a gate leading to a gauntlet.
 10461 | Lair:1   | Reached ** piety under Nemelex Xobeh
 10461 | Lair:1   | Noticed Maggie
 10465 | Lair:1   | Killed Maggie
 10488 | Gauntlet | Entered a Gauntlet
 10488 | Gauntlet | Found a transporter.
 10488 | Gauntlet | Found a transporter.
 10631 | Gauntlet | Found a transporter.
 10654 | Gauntlet | Found a transporter.
 10664 | Gauntlet | Found a transporter.
 10666 | Gauntlet | Found a transporter.
 10680 | Gauntlet | Found a transporter.
 10695 | Gauntlet | Found the necklace of Bloodlust {Fury *Rage Will++ Int-3
                  | Slay+6}
 10696 | Gauntlet | Found a transporter.
 10711 | Gauntlet | Found a transporter.
 10714 | Gauntlet | Found a transporter.
 10722 | Gauntlet | Found a transporter.
 10725 | Gauntlet | Found a transporter.
 10975 | Gauntlet | Reached skill level 6 in Dodging
 10977 | Gauntlet | Identified the -2 quarterstaff of Balance {freeze, +Blink
                  | rPois rCorr Stlth-}
 11225 | Gauntlet | Identified the +0 chain mail of Impermeability {-Cast Str+3
                  | Dex+4 SInv}
 11225 | Gauntlet | Noticed a minotaur
 11323 | Gauntlet | Killed a minotaur
 11429 | Gauntlet | Identified the staff "Fothakhle" {rF+ Int+6 Dex+3 Fire}
 11544 | Lair:1   | Reached skill level 5 in Maces & Flails
 11735 | Lair:1   | Reached skill level 5 in Invocations
 11766 | Lair:1   | Received a gift from Nemelex Xobeh
 11938 | Lair:1   | Found a shimmering altar of Xom.
 11938 | Lair:1   | Noticed Ehotes's ghost (journeyman OpSh)
 11938 | Lair:1   | Noticed a +2 hand axe of chaos
 11939 | Lair:1   | Found a runed translucent door.
 11942 | Lair:1   | Noticed a catoblepas
 11953 | Lair:1   | Killed a catoblepas
 12009 | Lair:1   | Reached skill level 7 in Dodging
 12231 | Lair:1   | Reached XP level 13. HP: 74/99 MP: 0/0
 12231 | Lair:1   | Learned a level 5 spell: Metabolic Englaciation
 12715 | Lair:1   | Reached skill level 8 in Dodging
 12901 | Lair:2   | Noticed an eight-headed hydra
 12905 | Lair:2   | Killed an eight-headed hydra
 12961 | Lair:2   | Found a transporter.
 12961 | Lair:2   | Noticed Gelion's ghost (journeyman OpSh)
 13108 | Lair:2   | Reached *** piety under Nemelex Xobeh
 13179 | Lair:2   | Reached skill level 9 in Dodging
 13583 | Lair:2   | Found a hole to the Spider Nest.
 13583 | Lair:2   | Received a gift from Nemelex Xobeh
 13637 | Lair:2   | Reached skill level 10 in Dodging
 13889 | Lair:2   | Found a transporter.
 14661 | Lair:3   | Noticed Amaemon
 14671 | Lair:3   | Killed Amaemon
 14803 | Lair:3   | Noticed an eight-headed hydra
 14810 | Lair:3   | Killed an eight-headed hydra
 15045 | Lair:3   | Found a staircase to the Swamp.
 15253 | Lair:3   | Reached **** piety under Nemelex Xobeh
 15401 | Lair:3   | Reached XP level 14. HP: 32/112 MP: 0/0
 15684 | Lair:3   | Noticed a dire elephant
 15694 | Lair:3   | Killed a dire elephant
 15695 | Lair:3   | Reached skill level 11 in Dodging
 15864 | Lair:3   | Received a gift from Nemelex Xobeh
 16139 | Lair:3   | Reached skill level 15 in Fighting
 16151 | Lair:3   | Reached skill level 12 in Dodging
 16376 | Lair:3   | Received a gift from Nemelex Xobeh
 16857 | Lair:4   | Reached skill level 13 in Dodging
 17756 | Lair:5   | Entered Level 5 of the Lair of Beasts
 18032 | Lair:5   | Reached ***** piety under Nemelex Xobeh
 18529 | Lair:5   | Found a staircase to the Slime Pits.
 18529 | Lair:5   | Found a viscous altar of Jiyva.
 18721 | Lair:5   | Received a gift from Nemelex Xobeh
 18740 | Lair:5   | Reached skill level 14 in Dodging
 19092 | Lair:5   | Reached XP level 15. HP: 107/121 MP: 0/0
 19092 | Lair:5   | Learned a level 6 spell: Simulacrum
 19918 | Lair:5   | Received a gift from Nemelex Xobeh
 20570 | Lair:5   | Reached skill level 15 in Dodging
 20570 | Lair:5   | Reached skill level 10 in Invocations
 21381 | D:10     | Entered Level 10 of the Dungeon
 21390 | D:10     | Received a gift from Nemelex Xobeh
 21423 | D:10     | Identified the +7 pearl dragon scales of Daisies {rC+ rN+}
 21599 | D:10     | Found a broken altar of Ashenzari.
 21609 | D:10     | Found a glowing silver altar of Zin.
 21737 | D:10     | Found an opulent altar of Gozag.
 21737 | D:10     | Found a shimmering altar of Xom.
 22143 | D:10     | Received a gift from Nemelex Xobeh
 22287 | D:10     | Found a staircase to the Orcish Mines.
 22388 | D:10     | Identified a scroll of acquirement
 22811 | Orc:1    | Entered Level 1 of the Orcish Mines
 22814 | Orc:1    | Noticed Josephine
 23035 | Orc:1    | Killed Josephine
 23448 | Orc:1    | Received a gift from Nemelex Xobeh
 23873 | Orc:2    | Entered Level 2 of the Orcish Mines
 24079 | Orc:2    | Reached skill level 16 in Dodging
 24735 | Orc:2    | Found Nirch's Book Emporium.
 24942 | Orc:2    | Found Unter's Weapon Shoppe.
 25826 | Orc:2    | Received a gift from Nemelex Xobeh
 25842 | Orc:2    | Reached skill level 5 in Armour
 25842 | Orc:2    | Reached XP level 16. HP: 115/128 MP: 0/0
 26211 | Orc:2    | Found a staircase to the Elven Halls.
 26324 | Orc:2    | Paralysed by an orc sorcerer for 5 turns
 27804 | Orc:2    | Found Hamilodu's Assorted Antiques.
 27812 | Orc:2    | Bought a scroll labelled ENUEQAATWA for 23 gold pieces
 27831 | Orc:2    | Found Vuqessaiq's Armour Emporium.
 28264 | Orc:2    | Acquired the staff of Due Proportion {rF++ rC+ Will+++
                  | Int-2 Dex-3 Ice}
 28900 | D:1      | Bought an embroidered cloak for 187 gold pieces
 28907 | D:1      | Bought a glowing ring mail for 175 gold pieces
 29558 | D:11     | Identified the +3 dagger of the Skies Above {flame, Int+3}
 29601 | D:11     | Received a gift from Nemelex Xobeh
 29904 | D:11     | Reached skill level 1 in Evocations
 29963 | D:11     | Received a gift from Nemelex Xobeh
 30088 | D:11     | Found a hazy altar of Hepliaklqana.
 30843 | D:12     | Received a gift from Nemelex Xobeh
 32255 | D:13     | Reached ****** piety under Nemelex Xobeh
 32663 | D:14     | Identified the +0 ring mail "Ajaf" {rF+ MP+9}
 32684 | D:14     | Received a gift from Nemelex Xobeh
 33320 | D:14     | Reached skill level 5 in Evocations
 33556 | D:14     | Reached XP level 17. HP: 125/133 MP: 0/0
 33556 | D:14     | Learned a level 6 spell: Dispersal
 33800 | D:14     | Found a gate to the Vaults.
 34464 | D:14     | Received a gift from Nemelex Xobeh
 34953 | D:15     | Entered Level 15 of the Dungeon
 34978 | D:15     | Received a gift from Nemelex Xobeh
 35168 | D:15     | Found a staircase to the Depths.
 35889 | D:15     | Reached skill level 17 in Dodging
 36405 | Swamp:1  | Entered Level 1 of the Swamp
 36405 | Swamp:1  | Received a gift from Nemelex Xobeh
 36849 | Swamp:1  | Noticed Jorgrun
 36863 | Swamp:1  | Killed Jorgrun
 37358 | Swamp:1  | Noticed Kirke
 37363 | Swamp:1  | Killed Kirke
 37372 | Swamp:1  | Received a gift from Nemelex Xobeh
 37392 | Swamp:1  | Identified the +1 trident of Ysuuric {freeze, *Corrode
                  | Str+3 Int+5}
 37741 | Swamp:1  | Acquired the ring "Ulotol" {rPois Int+3 Slay+3 SInv}
 38045 | Swamp:2  | Found a frozen archway.
 38066 | Swamp:2  | Noticed Louise
 38325 | Swamp:2  | Killed Louise
 38361 | IceCv    | Entered an ice cave
 38714 | IceCv    | Reached XP level 18. HP: 114/139 MP: 0/0
 38766 | IceCv    | Reached skill level 10 in Armour
 38795 | IceCv    | Found a viscous altar of Jiyva.
 38827 | IceCv    | Identified the amulet of Upnel {Faith Harm Will- Dex-4
                  | Stlth+}
 38831 | IceCv    | Got the ring "Burudd" {rC+ rCorr Str-4 Int+2}
 39271 | Swamp:2  | Received a gift from Nemelex Xobeh
 39310 | Swamp:2  | Noticed Frances
 39313 | Swamp:2  | Killed Frances
 39427 | Swamp:2  | Noticed Roxanne
 39583 | Swamp:2  | Identified the +4 short sword "Hydrabane" {heavy, *Slow rF+
                  | rC+ rN+++}
 39598 | Swamp:2  | Killed Roxanne
 39912 | Swamp:2  | Received a gift from Nemelex Xobeh
 40326 | Swamp:3  | Noticed Mlioglotl
 41779 | Swamp:3  | Received a gift from Nemelex Xobeh
 42049 | Swamp:4  | Entered Level 4 of the Swamp
 42406 | Swamp:4  | Noticed a tentacled monstrosity
 42595 | Swamp:4  | Reached skill level 5 in Stealth
 42621 | Swamp:4  | Got a decaying rune of Zot
 42671 | Swamp:4  | Killed a tentacled monstrosity
 43134 | Swamp:4  | Reached XP level 19. HP: 91/145 MP: 0/0
 43134 | Swamp:4  | Learned a level 7 spell: Enfeeble
 43502 | Spider:1 | Entered Level 1 of the Spider Nest
 43587 | Spider:1 | Received a gift from Nemelex Xobeh
 44137 | Spider:1 | Received a gift from Nemelex Xobeh
 44241 | Spider:2 | Received a gift from Nemelex Xobeh
 45697 | Spider:2 | Reached skill level 5 in Short Blades
 46009 | Spider:3 | Received a gift from Nemelex Xobeh
 47372 | Spider:3 | Identified the +2 leather armour "Fuddio" {*Slow rElec rC+
                  | Int+4}
 47827 | Spider:4 | Entered Level 4 of the Spider Nest
 47843 | Spider:4 | Mangled by a radroach

Illustrated notes

Levels and vault maps discovered:
D:1:      beargit_arrival_diablo_church, layout_loops_ring,
          ebering_ecumenical_altar_mist, serial_shops, shop
D:2:      layout_basic
D:3:      layout_basic
D:4:      layout_loops_ring, chequers_serial_rivers_room_a,
          uniq_crazy_yiuf_cottage
D:5:      layout_rooms, chequers_serial_rivers_micro_a, uniq_prince_ribbit1
D:6:      layout_loops_cross, fedhas_altar_1, uniq_blork_the_orc
D:7:      layout_loops_ring, minmay_temple_entry_hall, serial_shops,
          nicolae_shop_window_shopping, kennysheep_generic_room_10, uniq_joseph
D:8:      layout_loops_cross, grunt_dithmenos_shadows, lightli_corner_chamber,
          uniq_erica
D:9:      lemuel_slime, layout_basic, mainiacjoe_overflow_cross_hatched,
          grunt_lair_entry_orc_guard_hut, serial_shops, shop, shop, uniq_psyche,
          uniq_maurice
D:10:     layout_basic, jmf_multi_god_temple,
          mainiacjoe_overflow_large_starburst, zombieorc1_lemuel
D:11:     layout_roguey, nicolae_hepliaklqana_hippocampus
D:12:     layout_rooms, serial_bayou_lagoon_a, minmay_joined_circles
D:13:     layout_rooms
D:14:     layout_grid_maze, hangedman_vaults_entry_quadrant_bands,
          minmay_misc_feat_five, lemuel_old_faithful
D:15:     grunt_enter_depths_giant_problem, layout_rooms,
          hangedman_abyss_or_decor_passed
Temple:   hellmonk_temple_of_storms
Lair:1:   layout_hall_layers, ebering_ghost_xom, gauntlet_entry_generic,
          st_stairs_8, nicolae_quartered_pool_medium, minivault_23,
          beast_lair_carwin_3, grunt_megastairs_1, uniq_maggie
Lair:2:   layout_regular_city, spider_nest_entry_webs, gammafunk_ghost_arena,
          infiniplex_staircase_pool, grunt_megastairs_5, serial_bayou_shore_b
Lair:3:   mu_elephants_graveyard, layout_gridlike, minmay_swamp_entry_worms,
          chequers_serial_rivers_micro_b, chequers_serial_rivers_small_3,
          uniq_amaemon
Lair:4:   layout_long_grid
Lair:5:   minmay_lair_end_enchanted_forest, layout_layer_cave,
          nicolae_slime_entry_slimehenge, chequers_serial_rivers_micro_a
Swamp:1:  layout_basic_swamp, hangedman_swamp_ruin_wall, swamp_pool1,
          uniq_jorgrun, uniq_kirke
Swamp:2:  layout_falls_marsh, portal_ice_cave_entry_ice_simulacra,
          nicolae_swamp_long_stream, infiniplex_staircase_pool_2, uniq_roxanne,
          uniq_frances, uniq_louise
Swamp:3:  layout_basic_swamp, serial_swamp_ruin, evilmike_swamp_ruin_house_4,
          evilmike_swamp_ruin_house_1, uniq_mlioglotl
Swamp:4:  swamp_alternative, layout_basic_swamp, swamp_pool5
Spider:1: layout_cave_pods
Spider:2: layout_spider_delve, nicolae_spider_bzzzt
Spider:3: layout_cave_pods
Spider:4: grunt_spider_rune_circles, nicolae_spider_scorpion_nest
Orc:1:    layout_caves, uniq_josephine
Orc:2:    pubby_orc_utopia

Skill      XL: |  1  2  3  4  5  6  7  8  9 10 11 12 13 14 15 16 17 18 19 |
---------------+----------------------------------------------------------+-----
Spellcasting   | 4 5 6 8 10 11 12 13 14 | 14.0
Conjurations   | 4 5 6 8 10 11 12 13 14 | 14.0
Hexes          | 4 5 6 8 10 11 12 13 14 | 14.0
Summonings     | 4 5 6 8 10 11 12 13 14 | 14.0
Necromancy     | 4 5 6 8 10 11 12 13 14 | 14.0
Translocations | 4 5 6 8 10 11 12 13 14 | 14.0
Transmutations | 4 5 6 8 10 11 12 13 14 | 14.0
Fire Magic     | 4 5 6 8 10 11 12 13 14 | 14.0
Ice Magic      | 4 5 6 8 10 11 12 13 14 | 14.0
Air Magic      | 4 5 6 8 10 11 12 13 14 | 14.0
Earth Magic    | 4 5 6 8 10 11 12 13 14 | 14.0
Poison Magic   | 4 5 6 8 10 11 12 13 14 | 14.0
Fighting       | 1 2 3 5 6 7 10 11 14 16 | 16.0
Stealth        | 2 3 4 5 6 |  6.2
Short Blades   | 1 2 6 |  6.2
Armour         | 1 3 5 8 9 12 | 12.0
Dodging        | 3 5 7 10 14 16 17 | 17.0
Maces & Flails | 4 5 6 |  6.0
Invocations    | 6 9 10 11 13 14 | 14.1
Evocations     | 5 6 7 8 |  8.2

Action                     |  1- 3 |  4- 6 |  7- 9 | 10-12 | 13-15 | 16-18 | 19-21 || total
---------------------------+-------+-------+-------+-------+-------+-------+-------++-------
  Melee: Dagger            |     1 |     7 |       |     6 |       |       |       ||    14
         Rapier            |       |       |    11 |       |    19 |       |   115 ||   145
         Shillelagh        |       |       |     4 |   105 |   183 |   113 |    19 ||   424
         Punch             |       |       |       |     4 |     2 |     3 |     5 ||    14
         Staff             |       |       |       |     4 |    22 |    11 |    10 ||    47
  Throw: Dart              |       |     3 |       |     7 |       |     6 |     2 ||    18
         Throwing net      |       |       |       |     1 |       |       |       ||     1
   Cast: Shock             |    36 |   103 |    76 |    87 |    70 |    28 |     2 ||   402
         Airstrike         |       |       |    64 |   131 |   504 |   645 |    90 ||  1434
         Call Imp          |       |       |       |     7 |     3 |     4 |     1 ||    15
         Swiftness         |       |       |       |     2 |       |       |       ||     2
         Call Canine Famil |       |       |       |    10 |     5 |    12 |     3 ||    30
         Metabolic Englaci |       |       |       |       |    50 |    56 |     6 ||   112
         Static Discharge  |       |       |       |       |     5 |       |       ||     5
         Simulacrum        |       |       |       |       |    44 |   101 |    58 ||   203
         Dispersal         |       |       |       |       |       |     2 |       ||     2
         Apportation       |       |       |       |       |       |     1 |       ||     1
 Invoke: Draw Destruction  |       |       |       |     3 |     9 |    44 |     7 ||    63
         Draw Summoning    |       |       |       |     2 |     7 |     8 |     2 ||    19
         Draw Escape       |       |       |       |     2 |       |     1 |     1 ||     4
         Draw Stack        |       |       |       |       |       |     6 |       ||     6
         Stack Five        |       |       |       |       |       |     2 |       ||     2
         Deal Four         |       |       |       |       |       |     1 |       ||     1
         Triple Draw       |       |       |       |       |       |       |     1 ||     1
  Evoke: Wand              |       |       |       |     2 |       |     7 |       ||     9
         Lightning rod     |       |       |       |       |       |     1 |     3 ||     4
         Phial of floods   |       |       |       |       |       |     1 |       ||     1
         Condenser vane    |       |       |       |       |       |     1 |     1 ||     2
    Use: Potion            |       |       |       |     4 |       |     4 |     2 ||    10
         Scroll            |       |       |       |     8 |     9 |    20 |     4 ||    41
   Stab: Sleeping          |       |     2 |     1 |     2 |     1 |       |     1 ||     7
         Petrified         |       |       |       |       |     7 |       |       ||     7
         Distracted        |       |       |       |       |     1 |       |     1 ||     2
 Armour: Robe              |       |     1 |     2 |    18 |       |       |       ||    21
         Acid dragon scale |       |       |       |    11 |    67 |    97 |    89 ||   264
         Ice dragon scales |       |       |       |       |       |     1 |       ||     1
  Dodge: Dodged            |     3 |     7 |    34 |   127 |   308 |   487 |   326 ||  1292
  Block: Other             |     2 |     7 |     4 |     3 |       |       |       ||    16
         Reflection        |       |     1 |       |     1 |       |       |       ||     2

Table legend: (Time is in decaauts)
 A = Elapsed time spent in this place.
 B = Non-inter-level travel time spent in this place.
 C = Inter-level travel time spent in this place.
 D = Time resting spent in this place.
 E = Time spent auto-exploring this place.
 F = Levels seen in this place.
 G = Mean time per level.
                   A        B        C        D        E       F      G
               +--------+--------+--------+--------+--------+-----+--------+
         Total |  47852 |  44107 |   3745 |   2080 |  34078 |  33 | 1450.1 |
       Dungeon |  19846 |  17569 |   2277 |    501 |  14179 |  15 | 1323.1 |
        Temple |     22 |      5 |     17 |      0 |      0 |   1 |   22.0 |
          Lair |  10900 |  10012 |    888 |    695 |   7592 |   5 | 2180.0 |
         Swamp |   6131 |   5818 |    313 |    575 |   4146 |   4 | 1532.8 |
   Spider Nest |   4145 |   3954 |    191 |     40 |   3092 |   4 | 1036.2 |
  Orcish Mines |   5057 |   5000 |     57 |      0 |   4177 |   2 | 2528.5 |
      Ice Cave |    765 |    765 |      0 |      0 |    459 |   1 |  765.0 |
      Gauntlet |    982 |    982 |      0 |    269 |    433 |   1 |  982.0 |
               +--------+--------+--------+--------+--------+-----+--------+

Top non-repeatable levels by time:
   Orc:2: 4388 daAuts
  Lair:5: 3046 daAuts
    D:14: 2423 daAuts
  Lair:3: 2242 daAuts
  Lair:1: 2112 daAuts
    D:10: 2099 daAuts
 Swamp:1: 1905 daAuts
  Lair:4: 1758 daAuts
  Lair:2: 1741 daAuts
     D:9: 1665 daAuts
 Swamp:2: 1662 daAuts
Spider:3: 1485 daAuts
     D:4: 1450 daAuts
    D:12: 1436 daAuts
Spider:2: 1401 daAuts
